 Dungeon Crawl Stone Soup version 0.18-a0-1721-gc4d1f22 (webtiles) character file.

35 Implojin the Insei (level 3, 0/29 HPs)
             Began as a Mummy Monk on Apr 9, 2016.
             Slain by an adder (3 damage)
             ... on level 2 of the Dungeon.
             The game lasted 00:02:04 (933 turns).

Implojin the Insei (Mummy Monk)                      Turns: 933, Time: 00:02:05

Health: 0/29       AC:  0    Str: 14    XL:     3   Next: 16%
Magic:  3/3        EV: 13    Int:  9    God:
Gold:   98         SH:  0    Dex: 15    Spells: 0 memorised, 2 levels left

rFire  x . .     SeeInvis .       - Unarmed
rCold  + . .     Gourm    .     (no armour)
rNeg   + + +     Faith    .     (no shield)
rPois  ∞         Spirit   .     (no helmet)
rElec  .         Dismiss  .     (no cloak)
rCorr  .         Reflect  .     (no gloves)
SustAt .         Harm     .     (no boots)
MR     .....     Rnd*Tele +     (no amulet)
Stlth  ++........               (no ring)
                                e - ring of teleportation (curse)

@: not resistant to hostile enchantments, unstealthy
A: no food or potions, fire vulnerability, cold resistance 1, negative energy
resistance 3, torment resistance, unbreathing
a: no special abilities


You were on level 2 of the Dungeon.
You were not hungry.

You visited 1 branch of the dungeon, and saw 2 of its levels.

You collected 98 gold pieces.

Inventory:

Armour
 a - a +0 robe
Jewellery
 e - a cursed ring of teleportation (left hand)
 k - an uncursed ring of flight {unknown}
Scrolls
 b - 2 scrolls of teleportation
 c - a scroll of noise
 f - a scroll of recharging
 g - a scroll of magic mapping {unknown}
 h - a scroll of remove curse {unknown}
 i - a scroll of enchant weapon {unknown}
Comestibles
 d - 2 bread rations (quivered)
 j - a meat ration


   Skills:
 - Level 3.0 Fighting
 - Level 2.4 Dodging
 - Level 1.5 Stealth
 * Level 4.2 Unarmed Combat


You had 2 spell levels left.
You didn't know any spells.

Dungeon Overview and Level Annotations

Branches:
Dungeon (2/15)

Altars:


Innate Abilities, Weirdness & Mutations

You do not eat or drink.
Your flesh is vulnerable to fire.
You are immune to poison.
Your flesh is cold resistant.
You are immune to negative energy.
You are immune to unholy pain and torment.
You can survive without breathing.


Message History

You kill the adder!
You have reached level 3!
Your experience leads to an increase in your attributes!
Increase (S)trength, (I)ntelligence, or (D)exterity?
You feel agile.
You start resting.
You are suddenly yanked towards a nearby monster!
Your surroundings suddenly seem different.
Found 33 gold pieces.
An adder comes into view.
Unknown command.
You see here 19 gold pieces.
You open the door.
Found a stone staircase leading down.
There is an open door here.
A hobgoblin comes into view.
There's a creature in the doorway!
You hit the adder but do no damage. The adder closely misses you.
You barely miss the adder. The adder closely misses you.
You miss the adder. The adder misses you.
You barely miss the adder.
The hobgoblin shouts!
The adder bites you.
* * * LOW HITPOINT WARNING * * *
The adder barely misses you.
You hit the adder.
The adder is heavily wounded.
The adder misses you.
You hit the adder.
The adder is severely wounded.
The adder misses you. The adder closely misses you.
A quokka comes into view.
The hobgoblin hits you.
* * * LOW HITPOINT WARNING * * *
The adder barely misses you.
You closely miss the adder.
The adder is heavily wounded.
The adder bites you.
You die...

...# #...## ###..#
##.....## #
##.#..###.......#
###.##.....##$........
........#..'.........
#.##.....##...$.....
#..>.g...###.......#
####S##### ##.....##
#@# #...## #.# #+##
#.# #.# #.. ###


You could see an adder and a hobgoblin.

Vanquished Creatures
  An adder (D:2)
  An ooze (D:2)
  A dart slug (D:1)
  4 giant cockroaches
  3 goblins (D:1)
  A hobgoblin (D:1)
  5 kobolds
  A bat (D:1)
  2 rats (D:1)
19 creatures vanquished.

Notes
Turn   | Place    | Note
--------------------------------------------------------------
     0 | D:1      | Implojin the Mummy Monk began the quest for the Orb.
     0 | D:1      | Reached XP level 1. HP: 18/18 MP: 1/1
   227 | D:1      | Reached XP level 2. HP: 24/24 MP: 2/2
   744 | D:2      | Reached skill level 4 in Unarmed Combat
   843 | D:2      | Reached XP level 3. HP: 5/29 MP: 3/3
   933 | D:2      | Slain by an adder

Vault maps used:
D:1:      evilmike_arrival_crescent, minmay_misc_feat_square
D:2:      nicolae_overflow_crystal_walls, first_bread, minmay_misc_feat_doors

Skill      XL: |  1  2 |
---------------+-------+-----
Unarmed Combat | 4 |  4.2
Fighting       | |  3.0
Dodging        | |  2.4
Stealth        | |  1.5

Action                   || total
-------------------------++-------
Melee: Unarmed           ||    80
  Use: Scroll            ||     3
 Stab: Sleeping          ||     4

Table legend:
 A = Turns spent in this place as a percentage of turns spent in the entire game.
 B = Non-inter-level travel turns spent in this place as a percentage of non-inter-level travel turns spent in the entire game.
 C = Inter-level travel turns spent in this place as a percentage of turns spent in this place.
 D = Turns resting spent in this place as a percentage of non-inter-level travel turns spent in this place.
 E = Turns spent auto-exploring this place as a percentage of non-inter-level travel turns spent in this place.
 F = Non-inter-level travel turns spent in this place divided by the number of levels of this place that you've seen.
                   A       B       C       D       E      F
               +-------+-------+-------+-------+-------+----------------------
         Total | 100.0 | 100.0 |   0.3 |   1.9 |   8.8 | 159.0
       Dungeon | 100.0 | 100.0 |   0.3 |   1.9 |   8.8 | 159.0
               +-------+-------+-------+-------+-------+----------------------

Table legend:
 A = Kills in this place as a percentage of kills in entire the game.
 B = Kills by you in this place as a percentage of kills by you in the entire game.
 C = Kills by friends in this place as a percentage of kills by friends in the entire game.
 D = Other kills in this place as a percentage of other kills in the entire game.
 E = Experience gained in this place as a percentage of experience gained in the entire game.
 F = Experience gained in this place divided by the number of levels of this place that you have seen.
                   A       B       C       D       E      F
               +-------+-------+-------+-------+-------+----------------------
         Total | 100.0 | 100.0 |  -nan |  -nan | 100.0 |  25.0
       Dungeon | 100.0 | 100.0 |  -nan |  -nan | 100.0 |  25.0
               +-------+-------+-------+-------+-------+----------------------
